Map: Automaton LE

Players

phoenix - Winner!

  • Race: Protoss Protoss
  • League: Gold
  • Spawn Location: 3:00

Mesrob

  • Race: Terran Terran
  • League: Gold
  • Spawn Location: 9:00

VOD

Have the link to the VOD?

Description

Time

  • Played on: Jan. 11, 2019, 12:56 p.m.
  • Length: 17:02
Show
View Real Time Build Order
Export as new Build Order

phoenix Protoss - Winner!

Build Orders:  

Get SALT Encoding   

  12  0:01  Probe  
  13  0:16  Pylon  
  13  0:20  Probe  
  14  0:35  Forge  
  14  0:43  Probe  
  15  0:55  Probe  
  16  0:57  Pylon  
  16  1:07  Probe  
  17  1:19  Photon Cannon  
  17  1:23  Photon Cannon  
  17  2:01  Gateway  
  17  2:14  Nexus  
  17  2:26  Assimilator  
  17  2:29  Assimilator  
  17  2:33  Probe  
  18  2:50  Cybernetics Core  
  18  3:01  Probe  
  19  3:13  Probe  
  19  3:18  Pylon  
  20  3:25  Probe  
  21  3:34  Robotics Facility  
  21  3:43  Robotics Facility  
  21  3:49  Probe  
  21  3:52  Probe  
  23  4:02  Probe  
  24  4:04  Probe  
  24  4:05  Stargate  
  25  4:16  Probe  
  26  4:23  Stargate  
  26  4:28  Probe  
  27  4:42  Observer  
  27  4:43  Warp Gate  
  28  4:50  Probe  
  29  4:54  Assimilator  
  29  4:59  Assimilator  
  29  5:02  Probe  
  29  5:06  Pylon  
  30  5:14  Probe  
  31  5:24  Probe  
  32  5:32  Probe  
  32  5:37  Void Ray x2  
  32  5:42  Probe  
  41  5:48  Stargate  
  42  5:54  Probe  
  43  6:06  Probe  
  44  6:21  Stargate  
  44  6:34  Stargate  
  44  6:36  Void Ray  
  44  6:37  Void Ray  
  44  6:38  Probe  
  52  6:46  Probe  
  53  6:56  Probe  
  54  7:16  Pylon  
  54  7:25  Pylon  
  54  7:35  Pylon, Probe  
  55  7:42  Nexus  
  55  7:43  Probe  
  55  7:51  Probe  
  56  7:52  Void Ray x4  
  73  8:01  Pylon, Probe  
  74  8:10  Twilight Council  
  74  8:13  Probe  
  75  8:21  Protoss Air Weapons Level 1  
  75  8:25  Fleet Beacon  
  75  8:30  Pylon  
  75  8:36  Probe  
  76  8:46  Void Ray x2  
  76  8:48  Void Ray, Probe  
  89  9:01  Probe  
  90  9:09  Cybernetics Core  
  90  9:17  Void Ray  
  90  9:22  Probe  
  95  9:34  Probe  
  95  9:36  Assimilator  
  96  9:40  Assimilator  
  96  9:46  Probe  
  96  9:48  Protoss Air Armor Level 1  
  96  9:52  Void Ray x2  
  105  9:53  Void Ray  
  109  10:07  Pylon  
  109  10:10  Pylon  
  109  10:20  Pylon  
  109  10:22  Protoss Air Weapons Level 2  
  109  10:25  Probe  
  110  10:37  Probe  
  110  10:41  Charge  
  111  10:47  Probe  
  112  10:55  Probe  
  112  11:00  Pylon  
  112  11:03  Pylon  
  113  11:04  Probe  
  113  11:06  Pylon  
  113  11:10  Pylon  
  114  11:15  Pylon  
  114  11:16  Probe  
  114  11:18  Pylon  
  115  11:22  Pylon  
  115  11:28  Probe  
  115  11:32  Void Ray x2  
  116  11:33  Void Ray x2  
  132  11:40  Probe  
  132  11:44  Gateway  
  132  11:45  Gateway  
  133  11:49  Protoss Shields Level 1  
  133  11:51  Gateway  
  133  11:52  Probe  
  134  11:58  Protoss Air Armor Level 2  
  134  12:04  Probe  
  135  12:12  Probe  
  135  12:21  Probe  
  136  12:26  Pylon  
  136  12:29  Pylon  
  137  12:31  Probe  
  138  12:43  Probe  
  139  12:48  Zealot  
  139  12:49  Zealot x3  
  147  12:59  Void Ray  
  147  13:00  Void Ray x2  
  147  13:01  Void Ray  
  147  13:05  Protoss Air Weapons Level 3  
  163  13:17  Zealot x2  
  163  13:18  Zealot x2  
  171  13:45  Zealot x2  
  171  13:46  Zealot x2  
  179  14:10  Zealot x3  
  179  14:11  Zealot  
  187  14:33  Zealot x4  
  195  14:59  Zealot x2  
Show
View Real Time Build Order
Export as new Build Order

Mesrob Terran 

Build Orders: Mech 

Get SALT Encoding   

  12  0:00  SCV  
  13  0:12  SCV  
  14  0:18  Supply Depot  
  14  0:24  SCV  
  15  0:40  SCV  
  15  0:41  Barracks  
  16  0:51  Refinery  
  16  0:55  SCV  
  17  1:07  SCV  
  18  1:29  Marine  
  19  1:35  Barracks  
  19  2:11  Command Center  
  19  2:24  Bunker  
  19  2:29  Barracks Tech Lab  
  19  2:45  Factory  
  19  2:50  Orbital Command  
  19  3:24  Refinery  
  19  3:34  Marine x2  
  19  3:37  Orbital Command  
  19  3:40  Siege Tank  
  24  3:53  Factory  
  24  4:01  SCV  
  25  4:13  SCV x2  
  27  4:20  Siege Tank  
  30  4:37  Refinery, SCV  
  31  4:41  SCV  
  32  4:47  Factory Reactor  
  32  4:49  SCV  
  32  4:52  Supply Depot  
  33  4:59  SCV  
  34  5:01  SCV  
  35  5:11  SCV  
  35  5:13  SCV  
  35  5:14  Siege Tank  
  40  5:17  Supply Depot  
  40  5:24  SCV  
  41  5:41  Supply Depot  
  41  5:42  Engineering Bay  
  41  5:49  Hellion x2  
  48  6:03  Supply Depot  
  48  6:08  Cyclone  
  48  6:13  Hellion x2  
  52  6:22  Missile Turret  
  52  6:26  Supply Depot  
  52  6:27  Missile Turret  
  52  6:33  SCV  
  52  6:34  SCV  
  54  6:41  Hellion, Cyclone  
  54  6:45  Missile Turret, SCV  
  54  6:46  SCV  
  61  6:48  Supply Depot  
  61  6:49  Missile Turret  
  61  6:52  Armory  
  61  7:05  SCV  
  61  7:06  Missile Turret, SCV  
  63  7:12  Supply Depot  
  63  7:18  SCV x2  
  65  7:30  SCV x2  
  65  7:31  Missile Turret  
  65  7:35  Supply Depot  
  67  7:38  Hellion x2  
  67  7:42  Missile Turret, SCV x2  
  73  7:47  Thor  
  79  7:54  SCV  
  79  7:57  Supply Depot  
  79  7:58  Factory  
  80  8:01  Missile Turret  
  80  8:08  Refinery  
  80  8:18  Command Center  
  80  8:21  Supply Depot  
  80  8:27  Missile Turret  
  80  8:30  SCV x2, Thor  
  88  8:42  SCV  
  88  8:43  Supply Depot, SCV  
  90  9:04  SCV x2  
  90  9:06  Refinery  
  90  9:07  Factory Tech Lab  
  94  9:10  Hellbat  
  94  9:13  Thor  
  94  9:16  SCV x2  
  102  9:24  Supply Depot  
  102  9:28  SCV x2, Terran Vehicle Weapons Level 1  
  104  9:31  Missile Turret  
  102  9:54  Planetary Fortress  
  102  9:56  Thor  
  106  10:10  Missile Turret  
  106  10:20  Supply Depot, Missile Turret  
  106  10:23  Supply Depot  
  106  10:29  Missile Turret  
  106  10:33  Refinery  
  106  10:36  Hellbat  
  106  10:38  Missile Turret, Thor  
  114  10:43  Supply Depot  
  114  10:44  Armory  
  114  10:46  Supply Depot  
  114  10:48  Missile Turret  
  114  10:52  SCV x2  
  114  10:55  SCV  
  117  11:04  SCV x2  
  118  11:06  Supply Depot  
  118  11:07  SCV  
  118  11:09  Supply Depot, Missile Turret  
  120  11:28  Supply Depot  
  120  11:29  Missile Turret  
  120  11:31  Command Center  
  120  11:34  Thor x2  
  120  11:37  Hellbat x2  
  136  11:45  Starport  
  136  11:49  Missile Turret  
  136  11:58  Hellbat x2  
  140  12:17  Thor x2  
  140  12:20  Hellbat x2  
  156  12:22  Starport  
  156  12:31  Sensor Tower  
  156  12:42  SCV x2  
  156  12:43  SCV  
  159  12:54  SCV x2  
  159  12:56  Sensor Tower, SCV  
  162  12:59  Thor x2  
  162  13:01  Starport  
  174  13:11  Missile Turret  
  174  13:25  Sensor Tower  
  174  13:26  Hellbat x2  
  178  13:31  Missile Turret  
  178  13:38  Starport  
  178  13:39  Planetary Fortress  
  178  13:42  Thor x2  
  178  13:47  Hellbat  
  192  13:49  Missile Turret  
  192  13:59  SCV x3  
  192  14:01  Refinery  
  195  14:03  Refinery  
  195  14:09  Missile Turret  
  195  14:17  Starport  
  195  14:21  Hellbat x2  
  199  14:32  Missile Turret  
  199  14:51  Missile Turret  
  199  15:10  Missile Turret  
  199  15:27  Starport Tech Lab x3  
  199  15:28  Starport Tech Lab x2  
  199  15:29  Missile Turret  
  199  15:33  Fusion Core  
  199  15:48  Missile Turret  
  199  15:49  Command Center  
  199  16:02  Thor  
Tags
 
Composition
Mech
League
GoldGold
Matchup
PvT
Replay Pack
sc2 replays
Spawn Locations
Cross Positions
Add a new tag
Caveats
  • Supply blocks, unpowered buildings, or Contaminate may cause inaccurate times.
  • Supply counts are checked every 10 seconds.